 Dungeon Crawl Stone Soup version 0.24.0-123-gd5b16e6ec5 (webtiles) character file.

Game seed: 1060198195254256010, levelgen mode: deterministic

44 Ponchio the Firebug (level 3, -2/24 HPs)
             Began as a Demonspawn Fire Elementalist on Feb 1, 2020.
             Slain by a sky beast (5 damage)
             ... on level 2 of the Dungeon.
             The game lasted 00:04:16 (1427 turns).

Ponchio the Firebug (Demonspawn Fire Elementalist)  Turns: 1427, Time: 00:04:16

Health: -2/24      AC:  3    Str:  8    XL:     3   Next: 41%
Magic:  0/6        EV: 12    Int: 17    God:
Gold:   40         SH:  0    Dex: 13    Spells: 6/7 levels left

rFire    . . .     SeeInvis .   g - +2 dagger (protect)
rCold    . . .     Gourm    .   (no shield)
rNeg     . . .     Faith    .   a - +1 robe
rPois    .         Spirit   +   (no helmet)
rElec    .         Reflect  .   (no cloak)
rCorr    +         Harm     .   (no gloves)
MR       .....                  (no boots)
Stlth    ++........             (no amulet)
HPRegen  0.08/turn              k - ring of resist corrosion
MPRegen  0.10/turn              (no ring)

@: no status effects
A: magic shield
a: no special abilities


You were on level 2 of the Dungeon.
You were not hungry.

You visited 1 branch of the dungeon, and saw 2 of its levels.

You collected 40 gold pieces.

Inventory:

Hand Weapons
 g - a +2 dagger of protection (weapon)
Armour
 a - a +1 robe (worn)
Jewellery
 k - a ring of resist corrosion (left hand)
Scrolls
 m - a scroll of blinking {unknown}
 o - a scroll of remove curse {unknown}
Potions
 b - a potion of agility {unknown}
 d - a potion of mutation {unknown}
 e - a potion of invisibility {unknown}
 f - 2 potions of might {unknown}
 h - a potion of haste {unknown}
 i - 4 potions of curing {unknown}
 j - a potion of brilliance {unknown}
 l - a potion of lignification {unknown}
 n - a potion of degeneration {unknown}
Comestibles
 c - 4 rations


   Skills:
 - Level 1.7 Dodging
 - Level 1.7 Stealth
 + Level 2.6 Spellcasting
 + Level 2.1 Conjurations
 + Level 3.2 Fire Magic


You had 6 spell levels left.
You knew the following spells:

 Your Spells              Type           Power        Failure   Level  Hunger
a - Flame Tongue          Conj/Fire      ##...        6%          1    #......

Your spell library contained the following spells:

 Spells                   Type           Power        Failure   Level  Hunger
 Throw Flame              Conj/Fire      ##....       10%         2    ##.....
 Conjure Flame            Conj/Fire      ##......     19%         3    ###....
 Inner Flame              Hex/Fire       #.......     28%         3    ###....
 Sticky Flame             Conj/Fire      ##......     52%         4    #####..
 Fireball                 Conj/Fire      ##........   86%         5    ######.


Dungeon Overview and Level Annotations

Branches:
Dungeon (2/15)

Altars:
Ashenzari


Innate Abilities, Weirdness & Mutations

When hurt, damage is shared between your health and your magic reserves.


Message History

Press: ? - help, Shift-Dir - straight line, f/p - sky beast
Aim: a sky beast (lightly wounded)
The flame tongue hits the sky beast!
The sky beast is heavily wounded.
The bat barely misses you. The sky beast hits you. The sky beast shocks you.
Casting: Flame Tongue (safe; 6% risk of failure)
Confirm with . or Enter, or press ? or * to list all spells.
Aiming: Flame Tongue (safe; 6% risk of failure)
Press: ? - help, Shift-Dir - straight line, f/p - sky beast
Aim: a sky beast (heavily wounded)
The flame tongue hits the sky beast.
The sky beast is severely wounded.
The bat closely misses you. The sky beast hits you. The sky beast shocks you.
* * * LOW HITPOINT WARNING * * *
You closely miss the sky beast.
The sky beast is severely wounded.
The bat hits you but does no damage. The sky beast hits you.
* * * LOW HITPOINT WARNING * * *
The sky beast shocks you.
You die...

...##..#
........#
......... .##
............
....#...##.#
........##.#
###.....#..#
.......Y@.b######
....#...#.......#
#......).....##.#
#...#....#.#.##.#
#...(..#.#.#.##.#
##..##.#.#.#.##.#
#.. #.#.#......#
#. #.#.###.#### #
....# #.#


You could see a sky beast and a bat.

Vanquished Creatures
  An adder (D:2)
  An ooze (D:1)
  2 dart slugs (D:1)
  A leopard gecko (D:2)
  6 bats
  2 giant cockroaches
  5 goblins
  2 hobgoblins (D:1)
  A quokka (D:2)
  2 frilled lizards
  A kobold (D:1)
  2 rats (D:1)
26 creatures vanquished.

Notes
Turn   | Place    | Note
-------+----------+-------------------------------------------
     0 | D:1      | Ponchio the Demonspawn Fire Elementalist began the quest
                  | for the Orb.
     0 | D:1      | Reached XP level 1. HP: 13/13 MP: 3/3
    99 | D:1      | Found a shattered altar of Ashenzari.
   240 | D:1      | Gained mutation: When hurt, damage is shared between your
                  | health and your magic reserves. [demonic ancestry]
   240 | D:1      | Reached XP level 2. HP: 9/19 MP: 0/5
   554 | D:1      | Reached skill level 3 in Fire Magic
  1165 | D:2      | Reached XP level 3. HP: 15/24 MP: 2/6
  1415 | D:2      | Noticed a sky beast
  1427 | D:2      | Slain by a sky beast

Levels and vault maps discovered:
D:1:      evilmike_arrival_rings, layout_basic, hex_tiny, ashenzari_altar_1
D:2:      minmay_chambers_of_twos, layout_basic, nicolae_overflow_hidden_temple,
          grunt_ministairs_9, chequers_hall_statues_wall_a

Skill      XL: |  1  2 |
---------------+-------+-----
Fire Magic     | 3 |  3.2
Conjurations   | 2 |  2.1
Dodging        | |  1.7
Stealth        | |  1.7
Spellcasting   | |  2.6

Action                   || total
-------------------------++-------
Melee: Club              ||    14
       Dagger            ||    52
 Cast: Flame Tongue      ||    24
  Use: Scroll            ||     2
 Stab: Sleeping          ||     2
  Eat: Chunk             ||     2
Armor: Robe              ||    33
Dodge: Dodged            ||    62
